 Dungeon Crawl Stone Soup version 0.19-a0-1852-gc11d922 (webtiles) character file.

1442 Banto the Carver (level 8, -9/50 HPs)
             Began as a High Elf Skald on Oct 11, 2016.
             Shot with an arrow by a centaur (12 damage)
             ... on level 6 of the Dungeon.
             The game lasted 00:10:30 (7387 turns).

Banto the Carver (High Elf Skald)                   Turns: 7387, Time: 00:10:31

Health: -9/50      AC:  7    Str: 11    XL:     8   Next: 46%
Magic:  10/12      EV: 22    Int: 20    God:
Gold:   29         SH:  0    Dex: 17    Spells: 2 memorised, 8 levels left

rFire  . . .     SeeInvis +     a - +1 falchion
rCold  . . .     Gourm    .     r - +2 animal skin
rNeg   . . .     Faith    .     (no shield)
rPois  .         Spirit   .     (helmet restricted)
rElec  .         Dismiss  .     (no cloak)
rCorr  .         Reflect  .     A - +0 pair of gloves
MR     .....     Harm     .     D - +1 pair of boots "Gedweo" {Int+4}
Stlth  ++........ Rnd*Rage +    (no amulet)
                                q - +4 ring of evasion
                                y - ring of see invisible

@: infused (expiring)
A: horns 1, berserk 1
a: no special abilities


You were on level 6 of the Dungeon.
You were not hungry.

You visited 1 branch of the dungeon, and saw 6 of its levels.

You collected 327 gold pieces.
You spent 298 gold pieces at shops.

Inventory:

Hand Weapons
 a - a +1 falchion (weapon)
Missiles
 z - a throwing net (quivered)
Armour
 r - a +2 animal skin (worn)
 s - a +2 helmet
 A - a +0 pair of gloves (worn)
 D - the +1 pair of boots "Gedweo" (worn) {Int+4}
   (You bought it in a shop on level 6 of the Dungeon)

   It affects your intelligence (+4).
Jewellery
 e - an uncursed ring of protection from fire
 q - a +4 ring of evasion (right hand)
 y - a ring of see invisible (left hand)
Wands
 u - a wand of slowing (24/48)
 v - a wand of iceblast (7/15)
Scrolls
 b - a scroll of magic mapping
 j - 3 scrolls of teleportation
 m - 4 scrolls of amnesia
 t - 3 scrolls of enchant weapon
 w - 2 scrolls of remove curse
Potions
 f - a potion of flight {unknown}
 g - 2 potions of agility
 k - a potion of curing
 l - 2 potions of lignification
 n - a potion of haste
 p - 2 potions of might
 x - a potion of mutation {unknown}
 C - a potion of berserk rage {unknown}
 E - a potion of cure mutation {unknown}
Books
 c - a book of Battle

   Spells                             Type                      Level
   a - Infusion                       Charms                       1
   b - Shroud of Golubria             Charms/Translocation         2
   c - Song of Slaying                Charms                       2
   d - Spectral Weapon                Hexes/Charms                 3
   e - Regeneration                   Charms/Necromancy            3
Comestibles
 d - 7 bread rations
 h - a fruit
 i - 3 meat rations
 o - 2 beef jerkies
 B - a chunk of flesh


   Skills:
 - Level 2.0 Fighting
 + Level 9.3 Long Blades
 - Level 0.8 Armour
 + Level 8.0 Dodging
 - Level 2.4 Spellcasting
 - Level 3.6 Charms


You had 8 spell levels left.
You knew the following spells:

 Your Spells              Type           Power        Failure   Level  Hunger
a - Infusion              Chrm           ###.         3%          1    #......
b - Song of Slaying       Chrm           ###.....     6%          2    ##.....


Dungeon Overview and Level Annotations

Branches:
Dungeon (6/15)
 Temple: D:4-7

Altars:
Fedhas

Shops:
D:5 :   D:6 [


Innate Abilities, Weirdness & Mutations

You have a pair of small horns on your head.
You tend to lose your temper in combat.


Message History

The centaur shouts! x3
The centaur shoots an arrow.
The arrow hits you!
The centaur shoots an arrow.
The arrow hits you!
The centaur shoots an arrow.
The arrow hits you!
The centaur shoots an arrow.
The arrow closely misses you.
The centaur shoots an arrow.
The arrow completely misses you.
You see here 5 arrows.
You take 31 damage, and have 16/50 hp.
MASSIVE DAMAGE!!
The centaur shoots an arrow.
The arrow hits you.
* * * LOW HITPOINT WARNING * * *
The centaur shoots an arrow.
The arrow hits you!
* * * LOW HITPOINT WARNING * * *
The centaur shoots an arrow.
The arrow misses you.
The centaur shoots an arrow.
The arrow completely misses you.
You see here an arrow.
You take 10 damage, and have 6/50 hp.
The centaur shoots an arrow.
The arrow closely misses you.
The centaur shoots an arrow.
The arrow hits you.
* * * LOW HITPOINT WARNING * * *
The centaur shoots an arrow.
The arrow hits you!
You die...

.# #.....###### #..## ##. ##
##............# #.## ##
##.#########.# #..## ##. #.# .#
#...###.# #∩# .# #....#..# ##'##
.# ##.##.... ##...## ##.#
#......# ##.....## #..# ########
##.......## #@.## ##.#
###.........####(..###########...
..+.........'.((.....≈≈≈≈........
###.........####..≈≈≈≈≈≈≈≈.......
##.......####≈≈≈≈≈≈≈≈≈≈≈≈≈≈≈#..
##.....##≈≈≈≈≈≈≈≈≈≈≈≈≈≈≈≈≈≈≈≈≈
##...##≈≈≈≈≈≈≈≈cc≈≈≈≈≈≈≈≈≈≈≈≈
##.(((≈≈≈≈≈≈ccc...≈≈≈≈≈≈≈≈≈≈ ###
#.###≈≈≈≈≈...c....≈≈≈≈≈≈≈≈≈


You could see 5 centaurs.

Vanquished Creatures
  A black bear (D:6)
  2 sky beasts
  2 ogres (D:6)
  A centaur (D:5)
  2 bullfrogs (D:6)
  A water moccasin skeleton (D:4)
  2 crimson imps (D:6)
  5 hounds
  An iguana (D:3)
  3 orc wizards
  A bullfrog skeleton (D:6)
  3 worker ants
  A hound zombie (D:6)
  A hound skeleton (D:4)
  Robin (D:2)
  A howler monkey skeleton (D:4)
  3 gnolls (D:5)
  13 adders
  A worm (D:2)
  A dart slug (D:1)
  A leopard gecko (D:1)
  13 orcs
  7 bats
  3 giant cockroaches
  10 hobgoblins
  16 jackals
  A quokka (D:4)
  2 ball pythons
  4 frilled lizards
  26 goblins
  A jackal skeleton (D:6)
  9 kobolds
  2 leopard gecko zombies (D:6)
  4 rats
145 creatures vanquished.

Notes
Turn   | Place    | Note
-------+----------+-------------------------------------------
     0 | D:1      | Banto the High Elf Skald began the quest for the Orb.
     0 | D:1      | Reached XP level 1. HP: 14/14 MP: 4/4
   368 | D:1      | Reached XP level 2. HP: 16/19 MP: 6/6
   373 | D:1      | Reached skill level 3 in Long Blades
  1067 | D:2      | Reached XP level 3. HP: 9/24 MP: 1/7
  1345 | D:2      | Reached skill level 4 in Long Blades
  1505 | D:2      | Reached XP level 4. HP: 26/29 MP: 6/8
  1528 | D:2      | Noticed Robin
  2304 | D:2      | Killed Robin
  2304 | D:2      | Reached skill level 5 in Long Blades
  2641 | D:3      | Reached XP level 5. HP: 26/34 MP: 4/9
  4137 | D:4      | Found a blossoming altar of Fedhas.
  4155 | D:4      | You fall through a shaft for 2 floors!
  4265 | D:6      | Reached XP level 6. HP: 26/39 MP: 5/10
  4279 | D:6      | Reached skill level 6 in Long Blades
  4440 | D:5      | Entered Level 5 of the Dungeon
  4460 | D:6      | Reached skill level 5 in Dodging
  4534 | D:5      | Noticed a sky beast
  4550 | D:5      | Found a blossoming altar of Fedhas.
  4568 | D:5      | Found Nyvam's Book Shoppe.
  4816 | D:5      | Noticed a sky beast
  5062 | D:4      | Reached XP level 7. HP: 24/45 MP: 8/11
  5190 | D:4      | Reached skill level 7 in Long Blades
  5494 | D:4      | Learned a level 2 spell: Song of Slaying
  6431 | D:6      | Reached skill level 8 in Long Blades
  6439 | D:6      | Gained mutation: You tend to lose your temper in combat. [mutagenic meat]
  6442 | D:6      | Gained mutation: You have a pair of small horns on your head. [mutagenic meat]
  6627 | D:6      | Reached XP level 8. HP: 50/50 MP: 8/12
  6886 | D:6      | Found Ceczisic's Armour Shop.
  6903 | D:6      | Bought the +1 pair of boots "Gedweo" {Int+4} for 298 gold pieces
  6946 | D:6      | Reached skill level 9 in Long Blades
  7387 | D:6      | Shot with an arrow by a centaur

Vault maps used:
D:1:      dpeg_arrival_houses_and_road
D:2:      kennysheep_goblin_castle, first_bread
D:4:      fedhas_altar_3
D:5:      nicolae_overflow_crystal_walls, serial_shops, shop
D:6:      serial_shops, shop, centaur_isle

Skill      XL: |  1  2  3  4  5  6  7  8 |
---------------+-------------------------+-----
Long Blades    | 3 4 5 6 8 9 |  9.3
Dodging        | 2 3 4 5 7 8 |  8.0
Fighting       | |  2.0
Armour         | |  0.8
Spellcasting   | |  2.4
Charms         | |  3.6

Action                   |  1- 3 |  4- 6 |  7- 9 || total
-------------------------+-------+-------+-------++-------
Melee: Falchion          |   129 |   253 |   132 ||   514
       Headbutt          |       |       |    12 ||    12
 Cast: Infusion          |     8 |    19 |    16 ||    43
  Use: Scroll            |     4 |    11 |       ||    15
 Stab: Sleeping          |       |     1 |     3 ||     4
  Eat: Chunk             |     2 |    12 |    10 ||    24
Armor: Leather armour    |    55 |    16 |       ||    71
       Animal skin       |       |    37 |    23 ||    60
Dodge: Dodged            |   145 |   203 |   144 ||   492
       Rpst.: Falchion   |    38 |    57 |    42 ||   137

Table legend:
 A = Turns spent in this place as a percentage of turns spent in the entire game.
 B = Non-inter-level travel turns spent in this place as a percentage of non-inter-level travel turns spent in the entire game.
 C = Inter-level travel turns spent in this place as a percentage of turns spent in this place.
 D = Turns resting spent in this place as a percentage of non-inter-level travel turns spent in this place.
 E = Turns spent auto-exploring this place as a percentage of non-inter-level travel turns spent in this place.
 F = Non-inter-level travel turns spent in this place divided by the number of levels of this place that you've seen.
                   A       B       C       D       E      F
               +-------+-------+-------+-------+-------+----------------------
         Total | 100.0 | 100.0 |   0.8 |   3.6 |   9.4 | 322.0
       Dungeon | 100.0 | 100.0 |   0.8 |   3.6 |   9.4 | 322.0
               +-------+-------+-------+-------+-------+----------------------

Table legend:
 A = Kills in this place as a percentage of kills in entire the game.
 B = Kills by you in this place as a percentage of kills by you in the entire game.
 C = Kills by friends in this place as a percentage of kills by friends in the entire game.
 D = Other kills in this place as a percentage of other kills in the entire game.
 E = Experience gained in this place as a percentage of experience gained in the entire game.
 F = Experience gained in this place divided by the number of levels of this place that you have seen.
                   A       B       C       D       E      F
               +-------+-------+-------+-------+-------+----------------------
         Total | 100.0 | 100.0 |  -nan |  -nan | 100.0 | 343.3
       Dungeon | 100.0 | 100.0 |  -nan |  -nan | 100.0 | 343.3
               +-------+-------+-------+-------+-------+----------------------
